 Dungeon Crawl Stone Soup version 0.28.0 (webtiles) character file.

Game seed: 10677723797189896463

26 HallandMoats the Skirmisher (level 2, -3/24 HPs)
             Began as a Demonspawn Fighter on Feb 8, 2022.
             Was a Follower of Makhleb.
             Slain by an adder (4 damage)
             ... on level 2 of the Dungeon.
             The game lasted 00:01:20 (1156 turns).

HallandMoats the Skirmisher (Demonspawn Fighter)    Turns: 1156, Time: 00:01:21

Health: -3/24      AC:  6    Str: 16    XL:     2   Next: 89%
Magic:  2/2        EV:  9    Int:  9    God:    Makhleb [*.....]
Gold:   79         SH:  8    Dex: 12    Spells: 1/1 levels left

rFire   . . .      SeeInvis .   a - +0 war axe
rCold   . . .      Faith    .   c - +0 buckler
rNeg    . . .      Spirit   .   b - +0 scale mail
rPois   .          Reflect  .   (no helmet)
rElec   .          Harm     .   (no cloak)
rCorr   .          Rampage  .   (no gloves)
Will    .....                   (no boots)
Stlth   ..........              (no amulet)
HPRegen 0.08/turn               (no ring)
MPRegen 0.08/turn               (no ring)

@: lethally poisoned (-3 -> -5)
A: condensation shield
a: Renounce Religion


You were on level 2 of the Dungeon.
You worshipped Makhleb.
Makhleb was aware of your devotion.
You visited 1 branch of the dungeon, and saw 2 of its levels.

You collected 79 gold pieces.

Inventory:

Hand Weapons
 a - a +0 war axe (weapon)
Armour
 b - a +0 scale mail (worn)
 c - a +0 buckler (worn)
Scrolls
 e - 2 scrolls of fear {unknown}
 h - a scroll of amnesia {unknown}
Potions
 d - a potion of might
 f - 2 potions of magic {unknown}
 g - a potion of mutation {unknown}
 i - a potion of attraction {unknown}
 j - a potion of flight {unknown}


   Skills:
 * Level 3.3 Fighting
 * Level 2.3 Axes
 + Level 2.8 Armour
 + Level 0.4 Dodging
 + Level 2.8 Shields


You had one spell level left.
You didn't know any spells.
Your spell library was empty.

Dungeon Overview and Level Annotations

Branches:
Dungeon (2/15)

Altars:
Makhleb

Shops:
D:1 (


Innate Abilities, Weirdness & Mutations

A meltable shield of frost defends you. (SH +4)


Message History

You are too injured to fight recklessly!
You are too injured to fight recklessly!
You are too injured to fight recklessly!
You are too injured to fight recklessly!
You are too injured to fight recklessly!
You are too injured to fight recklessly!
You are too injured to fight recklessly!
You are too injured to fight recklessly!
You are too injured to fight recklessly!
You are too injured to fight recklessly!
An adder is nearby!
An adder is nearby!
You completely miss the adder. You block the adder's attack. x2
You miss the adder. You block the adder's attack.
The adder bites you but does no damage.
You miss the adder. You block the adder's attack.
You barely miss the adder. The adder bites you. The adder barely misses you.
You barely miss the adder. You block the adder's attack. x2
You miss the adder. The adder bites you.
You are poisoned.
The adder poisons you! The adder barely misses you.
You barely miss the adder.
You feel sick. The adder bites you. The adder bites you but does no damage.
You miss the adder.
You feel sick. The adder bites you.
* * * LOW HITPOINT WARNING * * *
You are lethally poisoned!
The adder poisons you! The adder barely misses you.
You closely miss the adder.
* * * LOW HITPOINT WARNING * * *
You feel sick. The adder bites you but does no damage.
You block the adder's attack.
You hit the adder.
The adder is heavily wounded.
* * * LOW HITPOINT WARNING * * *
You feel sick. You block the adder's attack. x2
You miss the adder.
The adder is heavily wounded.
* * * LOW HITPOINT WARNING * * *
You feel sick. You block the adder's attack. The adder bites you.
You die...

#.# .. #.#
.. #.# ..
#.# #. #.# #
#. #.#
.###.#. #.#
.......###.#
.......S@..#
####.#######


You could see an adder.

Vanquished Creatures
  A dart slug (D:1)
  2 ball pythons (D:1)
  3 bats (D:1)
  3 endoplasms
  A giant cockroach (D:1)
  2 goblins
  2 hobgoblins (D:1)
  A quokka (D:1)
  2 frilled lizards (D:1)
  A kobold (D:1)
  3 rats (D:1)
21 creatures vanquished.

Notes
Turn   | Place    | Note
-------+----------+-------------------------------------------
     0 | D:1      | HallandMoats the Demonspawn Fighter began the quest for the
                  | Orb.
     0 | D:1      | Reached XP level 1. HP: 18/18 MP: 1/1
    84 | D:1      | Found a faded altar of an unknown god.
   140 | D:1      | Prayed at the altar of an unknown god.
   140 | D:1      | Became a worshipper of Makhleb the Destroyer
   140 | D:1      | Reached * piety under Makhleb
   241 | D:1      | Found Byac Lea's Weapon Shoppe.
   248 | D:1      | Gained mutation: A meltable shield of frost defends you.
                  | (SH +4) [demonic ancestry]
   248 | D:1      | Reached XP level 2. HP: 24/24 MP: 2/2
  1156 | D:2      | HP: 1/24 [poisoned by an adder]
  1156 | D:2      | Slain by an adder

Illustrated notes

Levels and vault maps discovered:
D:1:      evilmike_arrival_rings, layout_basic,
          shapermc_ecumenical_altar_totnotflames, serial_shops,
          nicolae_shop_bloodbath_and_beyond, amcnicky_mini_corridor_feature,
          nrook_loot_triangle, minmay_tree_intersection,
          amcnicky_mini_rare_corridor_liquid, minmay_misc_feat_diagonals,
          minmay_indecisive_spiral
D:2:      layout_basic

Skill      XL: |  1 |
---------------+----+-----
Axes           | 2 |  2.3
Fighting       | |  3.3
Armour         | |  2.8
Dodging        | |  0.4
Shields        | |  2.8

Action                   || total
-------------------------++-------
Melee: War axe           ||    69
Armor: Scale mail        ||    23
Dodge: Dodged            ||    37
Block: Buckler           ||    27
